 Dungeon Crawl Stone Soup version 0.31-a0-1008-g5b978dac0e (webtiles) character file.

Game seed: 4149525827468048923

1616 Malachi the Trooper (level 8, 0/60 (67) HPs)
             Began as a Demonspawn Gladiator on Nov 13, 2023.
             Was an Initiate of Gozag.
             Slain by Jeremiah
             ... wielding a +3 trident of draining
              (1 damage)
             ... on level 6 of the Dungeon.
             The game lasted 00:08:41 (6982 turns).

Malachi the Trooper (Demonspawn Gladiator)          Turns: 6982, Time: 00:08:42

HP:   0/60 (67)     AC: 13    Str: 16    XL:     8   Next: 64%
MP:   8/8           EV:  8    Int: 11    God:    Gozag
Gold: 1088          SH:  0    Dex: 14    Spells: 7/7 levels left

rFire   . . .        a - +3 spear (venom)
rCold   . . .        (no shield)
rNeg    . . .        u - +4 chain mail
rPois   .            (helmet restricted)
rElec   .            (no cloak)
rCorr   .            (no gloves)
SInv    .            j - +0 pair of boots
Will    .....        (no amulet) Stlth
                     q - ring of flight
HPRegen 0.30/turn    (no ring)
MPRegen 0.11/turn

%: no passive effects
@: mighty, flying, heavily drained
A: horns 2, demonic guardian 2, powered by pain 1
a: Renounce Religion, Potion Petition, Call Merchant, Bribe Branch


You were on level 6 of the Dungeon.
You worshipped Gozag.
Gozag was most pleased with you.
You visited 2 branches of the dungeon, and saw 7 of its levels.
You also visited: Sewer.

You collected 1121 gold pieces.
You spent 33 gold pieces at shops.

Inventory:

Hand Weapons
 a - a +3 spear of venom (weapon)
 v - a +0 halberd
 z - the +8 long sword of Naihuamp {spect, Stlth+}
   (You found it on level 6 of the Dungeon)

   Stlth+:    It makes you more stealthy.
 A - a +5 spear
Missiles
 d - 3 throwing nets (quivered)
 e - 4 javelins
 f - 4 boomerangs
Armour
 i - a +1 scale mail of cold resistance
 j - a +0 pair of boots (worn)
 r - a +2 chain mail of fire resistance
 u - a +4 chain mail (worn)
Jewellery
 q - a ring of flight (left hand)
Wands
 n - a wand of flame (11)
 t - a wand of light (9)
 w - a wand of charming (12)
Scrolls
 b - 2 scrolls of blinking
 o - 5 scrolls of teleportation
 p - 2 scrolls of fog
 y - a scroll of identify
Potions
 c - a potion of invisibility
 g - a potion of attraction {unknown}
 h - a potion of might {unknown}
 k - 6 potions of curing
 l - a potion of berserk rage {unknown}
 m - a potion of mutation {unknown}
 s - 7 potions of enlightenment
 x - a potion of heal wounds


   Skills:
 + Level 7.3 Fighting
 + Level 7.0 Polearms
 - Level 4.0 Throwing
 - Level 3.3 Dodging


You had 7 spell levels left.
You didn't know any spells.
Your spell library contained the following spells:

 Spells                   Type           Power      Damage    Failure   Level
 Lesser Beckoning         Tloc           0%         N/A       100%        2
 Gell's Gravitas          Tloc           0%         N/A       100%        3
 Teleport Other           Tloc           0%         N/A       100%        3


Dungeon Overview and Level Annotations

Branches:
Dungeon (6/15)             Temple (1/1) D:4           Sewer (visited)

Altars:
Ashenzari
Cheibriados
Dithmenos
Fedhas
Gozag
Hepliaklqana
Kikubaaqudgha
Makhleb
Nemelex Xobeh
Okawaru
Qazlal
Ru
Sif Muna
Trog
Uskayaw
Vehumet
Wu Jian
Xom
Yredelemnul

Shops:
D:2 (   D:5 !

Annotations:
D:6 Jeremiah


Innate Abilities, Weirdness & Mutations

You have a pair of horns on your head.
A demonic guardian rushes to your aid.
You sometimes gain a little power by taking damage.


Message History

Aim: Jeremiah, wielding a +3 trident of draining, wearing a +0 robe and wearing an orb of mayhem (about 36% to evade your +3 spear of venom)
You reach to attack!
You hit Jeremiah but do no damage.
Jeremiah hits you from afar with a +3 trident of draining!
You feel drained.
Reach: a) +3 spear (venom)
Press: ? - help, Dir - move target, f/p - Jeremiah
Aim: Jeremiah, wielding a +3 trident of draining, wearing a +0 robe and wearing an orb of mayhem (about 36% to evade your +3 spear of venom)
You reach to attack!
You barely miss Jeremiah.
Jeremiah hits you from afar with a +3 trident of draining!
* * * LOW HITPOINT WARNING * * *
You feel drained.
* * * LOW HITPOINT WARNING * * *
Reach: a) +3 spear (venom)
Press: ? - help, Dir - move target, f/p - Jeremiah
Aim: Jeremiah, wielding a +3 trident of draining, wearing a +0 robe and wearing an orb of mayhem (about 36% to evade your +3 spear of venom)
You reach to attack!
You hit Jeremiah but do no damage.
Unknown command.
Reach: a) +3 spear (venom)
Press: ? - help, Dir - move target, f/p - Jeremiah
Aim: Jeremiah, wielding a +3 trident of draining, wearing a +0 robe and wearing an orb of mayhem (about 36% to evade your +3 spear of venom)
You reach to attack!
You hit Jeremiah.
Jeremiah is poisoned.
Jeremiah is lightly wounded.
The butterfly disappears in a burst of colours!
Jeremiah mumbles a slurred invocation.
Something smites you!
* * * LOW HITPOINT WARNING * * *
A demonic guardian appears!
You focus on the pain.
You feel very mighty all of a sudden.
Reach: a) +3 spear (venom)
Press: ? - help, Dir - move target, f/p - Jeremiah
Aim: Jeremiah, wielding a +3 trident of draining, wearing a +0 robe and wearing an orb of mayhem (lightly wounded, very poisoned, about 36% to evade your +3 spear of venom)
You reach to attack!
You completely miss Jeremiah.
Jeremiah is lightly wounded.
Jeremiah's eyes momentarily flash bright red.
Jeremiah hits you from afar with a +3 trident of draining.
* * * LOW HITPOINT WARNING * * *
You feel drained.
You die...
Jeremiah says, "O terrible one, your will is done."
Your body crumbles into a pile of gold.

# ##+##
#........# .#
#........# ...
######.....#.#
.###
b.bb##...##.#
##


.bb ######.# #bb #.# #ob #.# #.###bb#######.# ...{bFb@4......# #####bb#########
#bb bb.. ##### You could see Jeremiah (very poisoned), an orc and a friendly
orange demon (summoned).

Vanquished Creatures
  A shadow (D:6)
  A black bear (D:6)
  A phantom (D:5)
  A bullfrog (D:6)
  A gnoll sergeant (D:5)
  3 scorpions
  3 wights (D:6)
  A jelly (D:5)
  3 hounds
  3 orc priests
  Jessica (D:2)
  2 iguanas
  Ijyb (D:5)
  An orc wizard (D:3)
  A sickly merfolk siren (Sewer)
  A malarious merfolk avatar (Sewer)
  8 gnolls
  7 adders
  2 river rats (Sewer)
  A shadow imp (D:6)
  A white imp (D:5)
  3 worms
  3 dart slugs
  9 orcs
  13 ball pythons
  7 endoplasms
  4 giant cockroaches
  7 goblins
  8 hobgoblins
  4 jackals (D:4)
  5 quokkas
  6 bats
  9 frilled lizards
  10 kobolds
  26 rats
158 creatures vanquished.

Vanquished Creatures (collateral kills)
  A hound (D:5)
  2 orc priests (D:5)
  2 orc wizards
  A quokka (D:4)
6 creatures vanquished.

Grand Total: 164 creatures vanquished

Notes
Turn   | Place    | Note
-------+----------+-------------------------------------------
     0 | D:1      | Malachi the Demonspawn Gladiator began the quest for the
                  | Orb.
     0 | D:1      | Reached XP level 1. HP: 16/16 MP: 1/1
   247 | D:1      | Gained mutation: You have a pair of small horns on your
                  | head. [demonic ancestry]
   247 | D:1      | Reached XP level 2. HP: 20/22 MP: 2/2
   851 | D:2      | Found Musubrif's Weapon Boutique.
   940 | D:2      | Reached XP level 3. HP: 22/28 MP: 3/3
  1012 | D:2      | Found a faded altar of an unknown god.
  1022 | D:2      | Prayed at the altar of an unknown god.
  1022 | D:2      | Became a worshipper of Gozag Ym Sagoz the Greedy
  1119 | D:2      | Noticed Jessica
  1127 | D:2      | Killed Jessica
  1649 | D:3      | Gained mutation: A weak demonic guardian rushes to your
                  | aid. [demonic ancestry]
  1649 | D:3      | Reached XP level 4. HP: 34/34 MP: 4/4
  1857 | D:3      | Found a glowing drain.
  1867 | Sewer    | Entered a sewer
  1979 | Sewer    | Gained mutation: A demonic guardian rushes to your aid.
                  | [demonic ancestry]
  1979 | Sewer    | Reached XP level 5. HP: 41/41 MP: 5/5
  2968 | D:4      | Gained mutation: You sometimes gain a little power by
                  | taking damage. [demonic ancestry]
  2968 | D:4      | Reached XP level 6. HP: 7/48 MP: 6/6
  3442 | D:4      | Found a staircase to the Ecumenical Temple.
  3808 | D:4      | Found an iron altar of Okawaru.
  3811 | D:4      | Found a basalt altar of Yredelemnul.
  4287 | Temple   | Entered the Ecumenical Temple
  4321 | D:5      | Entered Level 5 of the Dungeon
  4480 | D:5      | Reached XP level 7. HP: 18/55 MP: 7/7
  4850 | D:5      | Reached skill level 5 in Fighting
  4850 | D:5      | Reached skill level 5 in Polearms
  5140 | D:5      | Noticed Ijyb
  5148 | D:5      | Killed Ijyb
  5166 | D:5      | Found Hateulav's Distillery.
  5171 | D:5      | Bought a potion of curing for 33 gold pieces
  5954 | D:6      | Gained mutation: You have a pair of horns on your head.
                  | [demonic ancestry]
  5954 | D:6      | Reached XP level 8. HP: 61/64 MP: 8/8
  6058 | D:6      | Identified the +8 long sword of Naihuamp {spect, Stlth+}
  6967 | D:6      | Noticed Jeremiah
  6982 | D:6      | HP: 1/61 [Jeremiah/+3 trident of draining (3)]
  6982 | D:6      | Slain by Jeremiah

Illustrated notes

Levels and vault maps discovered:
D:1:      wander_arrival_estate, layout_loops_ring
D:2:      layout_loops_ring, serial_shops, nicolae_shop_tiny_statue_garden,
          dreamdust_ecumenical_altar_hidden_monk_grotto, uniq_jessica
D:3:      layout_basic, portal_sewer_entry_d, dk_noncrumbling_4,
          reono_crystal_passage, grunt_decor_clamped
D:4:      layout_gridville, nicolae_overflow_hidden_temple,
          minmay_temple_entry_glass, nicolae_tricolors
D:5:      layout_loops_ring, serial_shops, shop, uniq_ijyb
D:6:      layout_loops_corners, chequers_serial_rivers_large_a, uniq_jeremiah
Temple:   mainiacjoe_temple_big_plus

Skill      XL: |  1  2  3  4  5  6  7  8 |
---------------+-------------------------+-----
Throwing       | 2 3 4 |  4.0
Polearms       | 3 4 6 7 |  7.0
Dodging        | 3 |  3.3
Fighting       | 3 4 6 7 |  7.3

Action                     |  1- 3 |  4- 6 |  7- 9 || total
---------------------------+-------+-------+-------++-------
  Melee: Trident           |    99 |   292 |    62 ||   453
         Headbutt          |     4 |    40 |    31 ||    75
         Punch             |     1 |     2 |       ||     3
         Halberd           |       |       |    40 ||    40
         Spear             |       |       |    93 ||    93
  Evoke: Wand              |       |       |     2 ||     2
    Use: Scroll            |       |     7 |     2 ||     9
         Potion            |       |       |     2 ||     2
   Stab: Distracted        |       |     1 |       ||     1
 Armour: Ring mail         |    27 |       |       ||    27
         Leather armour    |     1 |       |       ||     1
         Chain mail        |     6 |   206 |   142 ||   354
  Dodge: Dodged            |    35 |    89 |    68 ||   192

Table legend: (Time is in decaauts)
 A = Elapsed time spent in this place.
 B = Non-inter-level travel time spent in this place.
 C = Inter-level travel time spent in this place.
 D = Time resting spent in this place.
 E = Time spent auto-exploring this place.
 F = Levels seen in this place.
 G = Mean time per level.
                   A        B        C        D        E       F      G
               +--------+--------+--------+--------+--------+-----+--------+
         Total |   7023 |   6563 |    460 |   1265 |   4021 |   8 |  877.9 |
       Dungeon |   6583 |   6123 |    460 |   1265 |   3758 |   6 | 1097.2 |
        Temple |      1 |      1 |      0 |      0 |      0 |   1 |    1.0 |
         Sewer |    438 |    438 |      0 |      0 |    263 |   1 |  438.0 |
               +--------+--------+--------+--------+--------+-----+--------+

Top non-repeatable levels by time:
     D:5: 1610 daAuts
     D:4: 1322 daAuts
     D:6: 1045 daAuts
     D:3: 962 daAuts
     D:2: 821 daAuts
     D:1: 820 daAuts
   Sewer: 438 daAuts
  Temple: 1 daAuts
